 Dungeon Crawl Stone Soup version 0.18.1-8-gdd0e5ea (webtiles) character file.

79 Scarto the Cudgeler (level 4, -2/27 HPs)
             Began as a Gargoyle Gladiator on June 2, 2016.
             Was an Initiate of Makhleb.
             Slain by Statics's ghost (5 damage)
             ... on level 3 of the Dungeon.
             The game lasted 00:03:17 (1414 turns).

Scarto the Cudgeler (Gargoyle Gladiator)            Turns: 1414, Time: 00:03:18

Health: -2/27      AC:  7    Str: 24    XL:     4   Next: 37%
Magic:  4/4        EV: 12    Int:  9    God:    Makhleb [......]
Gold:   37         SH:  0    Dex: 10    Spells: 0 memorised, 3 levels left

rFire  . . .     SeeInvis .     a - +0 flail
rCold  . . .     Gourm    .     b - +0 leather armour
rNeg   + + .     Faith    .     (no shield)
rPois  ∞         Spirit   .     c - +0 helmet
rElec  +         Dismiss  .     (no cloak)
rCorr  .         Reflect  .     (no gloves)
SustAt .         Harm     .     (no boots)
MR     .....                    (no amulet)
Stlth  ++........               n - ring of positive energy
                                k - ring of stealth

@: mighty, not resistant to hostile enchantments, unstealthy
A: negative energy resistance 1, electricity resistance, unbreathing,
petrification resistance, rot immunity, AC +3
a: Renounce Religion


You were on level 3 of the Dungeon.
You worshipped Makhleb.
Makhleb was noncommittal.
You were not hungry.

You visited 1 branch of the dungeon, and saw 3 of its levels.

You collected 37 gold pieces.

Inventory:

Hand Weapons
 a - a +0 flail (weapon)
Missiles
 d - 3 throwing nets (quivered)
Armour
 b - a +0 leather armour (worn)
 c - a +0 helmet (worn)
Jewellery
 k - a ring of stealth (left hand)
 n - a ring of positive energy (right hand)
Scrolls
 i - 3 scrolls of identify {unknown}
 j - a scroll of remove curse {unknown}
 p - a scroll of recharging {unknown}
 q - a scroll of teleportation {unknown}
Potions
 e - 2 potions of ambrosia
 o - a potion of flight {unknown}
 s - a potion of degeneration {unknown}
 t - a potion of agility {unknown}
 u - a potion of brilliance {unknown}
Comestibles
 f - a bread ration
 m - 3 chunks of flesh
 r - a beef jerky


   Skills:
 + Level 2.9 Fighting
 + Level 3.6 Maces & Flails
 + Level 2.5 Throwing
 + Level 0.2 Armour
 + Level 2.9 Dodging
 + Level 0.0 Invocations


You had 3 spell levels left.
You didn't know any spells.

Dungeon Overview and Level Annotations

Branches:
Dungeon (3/15)

Altars:
Makhleb
Xom

Annotations:
D:3 Statics's ghost, amateur DsMo


Innate Abilities, Weirdness & Mutations

You are resistant to torment.
Your stone body is resilient (AC +3).
You are immune to poison.
You resist negative energy.
You are resistant to electric shocks.
You can survive without breathing.
You are immune to petrification.
You are immune to rotting.


Message History

You thump Statics's ghost!
Statics's ghost is heavily damaged.
Statics's ghost misses you. Statics's ghost hits you.
You barely miss Statics's ghost.
Statics's ghost is heavily damaged.
Statics's ghost hits you but does no damage.
You barely miss Statics's ghost.
Statics's ghost is heavily damaged.
Statics's ghost barely misses you.
You miss Statics's ghost.
Statics's ghost is heavily damaged.
Statics's ghost whispers, "The ORB doesn't exist."
Statics's ghost hits you.
* * * LOW HITPOINT WARNING * * *
You closely miss Statics's ghost.
Statics's ghost is heavily damaged.
Statics's ghost hits you.
* * * LOW HITPOINT WARNING * * *
Statics's ghost hits you.
You die...

### ... ..# #.#
#.# #.# #@# #
########W### #
#.#..........#
#.#.#...<......#
#............>.#
#..........?..#
#...........#
#...<.......##
#.........?..##


You could see Statics's ghost.

Vanquished Creatures
  2 adders (D:2)
  An ooze (D:1)
  A giant gecko (D:1)
  An orc (D:3)
  4 giant cockroaches
  5 goblins
  9 hobgoblins
  8 jackals
  3 kobolds (D:1)
  5 bats
  5 giant newts
  5 rats
49 creatures vanquished.

Notes
Turn   | Place    | Note
--------------------------------------------------------------
     0 | D:1      | Scarto the Gargoyle Gladiator began the quest for the Orb.
     0 | D:1      | Reached XP level 1. HP: 12/12 MP: 1/1
    80 | D:1      | Reached XP level 2. HP: 18/18 MP: 2/2
   418 | D:1      | Reached XP level 3. HP: 19/22 MP: 3/3
   843 | D:2      | Reached XP level 4. HP: 12/27 MP: 4/4
  1187 | D:2      | Found a burning altar of Makhleb.
  1188 | D:2      | Found a shimmering altar of Xom.
  1194 | D:2      | Became a worshipper of Makhleb the Destroyer
  1384 | D:3      | Noticed Statics's ghost (amateur DsMo)
  1414 | D:3      | Slain by Statics's ghost

Skill      XL: |  1 |
---------------+----+-----
Throwing       | 2 |  2.5
Fighting       | |  2.9
Maces & Flails | |  3.6
Armour         | |  0.2
Dodging        | |  2.9

Action                   |  1- 3 |  4- 6 || total
-------------------------+-------+-------++-------
Melee: Flail             |   135 |    47 ||   182
  Use: Potion            |       |     4 ||     4
 Stab: Sleeping          |     2 |       ||     2
  Eat: Chunk             |       |     2 ||     2
Armor: Leather armour    |    91 |    24 ||   115
Dodge: Dodged            |   171 |    48 ||   219
